 Dungeon Crawl Stone Soup version 0.27-a0-1191-g601b473118 (webtiles) character file.

Game seed: 3159611669558627279

1194 EldarEldrad the Cleaver (level 8, -8/64 HPs)
             Began as a Hill Orc Fighter on May 24, 2021.
             Was a Believer of Zin.
             Splashed by an orc's acid (14 damage)
             ... on level 6 of the Dungeon.
             The game lasted 00:22:28 (6119 turns).

EldarEldrad the Cleaver (Hill Orc Fighter)          Turns: 6119, Time: 00:22:29

Health: -8/64      AC:  2    Str: 20    XL:     8   Next: 44%
Magic:  0/0        EV:  7    Int:  8    God:    Zin [**....]
Gold:   184        SH: 10    Dex: 11    Spells: 7/7 levels left

rFire    . . .     SeeInvis .   a - +0 war axe
rCold    . . .     Faith    .   c - +0 kite shield
rNeg     . . .     Spirit   .   e - +0 scale mail
rPois    .         Reflect  .   j - +0 helmet
rElec    .         Harm     .   g - +0 cloak of Zecke {+Blink MP-9 Stlth+}
rCorr    .         Rampage  .   (no gloves)
Will     .....                  (no boots)
Stlth    +.........             (no amulet)
HPRegen  0.20/turn              (no ring)
MPRegen  0.07/turn              (no ring)

@: corroded
A: no striking features
a: Renounce Religion, Evoke Blink, Recite, Vitalisation, Donate Gold


You were on level 6 of the Dungeon.
You worshipped Zin.
Zin was pleased with you.
You visited 2 branches of the dungeon, and saw 7 of its levels.

You collected 351 gold pieces.
You spent 46 gold pieces at shops.
You donated 121 gold pieces to Zin.

Inventory:

Hand Weapons
 a - a +0 war axe (weapon)
 b - a +0 mace
Missiles
 p - a throwing net (quivered)
 y - 6 curare-tipped darts
Armour
 c - a +0 kite shield (worn)
 e - a +0 scale mail (worn)
 g - the +0 cloak of Zecke (worn) {+Blink MP-9 Stlth+}
   (You found it on level 5 of the Dungeon)

   It affects your magic capacity (-9).
   It lets you blink.
   It makes you more stealthy.
 j - a +0 helmet (worn)
 m - a +0 plate armour
 B - a +0 chain mail
Scrolls
 f - 2 scrolls of magic mapping {unknown}
 h - 2 scrolls of amnesia
 o - 2 scrolls of enchant weapon {unknown}
 r - a scroll of enchant armour {unknown}
 s - a scroll of acquirement {unknown}
 t - a scroll of fear {unknown}
 w - 3 scrolls of teleportation
 z - a scroll of noise {unknown}
Potions
 d - a potion of might
 i - 2 potions of mutation
 k - a potion of berserk rage {unknown}
 l - a potion of resistance {unknown}
 n - 2 potions of degeneration
 q - 2 potions of brilliance
 u - 2 potions of heal wounds
 v - a potion of flight {unknown}
 x - 2 potions of lignification {unknown}
 A - a potion of magic {unknown}


   Skills:
 - Level 3.6 Fighting
 * Level 10.1 Axes
 + Level 6.7 Armour
 - Level 5.0 Shields


You had 7 spell levels left.
You didn't know any spells.
Your spell library contained the following spells:

 Spells                   Type           Power      Damage    Failure   Level
 Sandblast                Erth           0%         2d4       99%         1
 Summon Small Mammal      Summ           0%         N/A       99%         1
 Call Imp                 Summ           0%         N/A       99%         2
 Passwall                 Tmut/Erth      0%         N/A       99%         2
 Call Canine Familiar     Summ           0%         N/A       100%        3
 Stone Arrow              Conj/Erth      0%         3d7       100%        3
 Summon Guardian Golem    Hex/Summ       0%         N/A       100%        3
 Petrify                  Tmut/Erth      0%         N/A       100%        4
 Summon Ice Beast         Ice/Summ       0%         N/A       100%        4
 Summon Lightning Spire   Summ/Air       0%         N/A       100%        4
 Lee's Rapid Deconstruct  Erth           0%         3d5*      100%        5


Dungeon Overview and Level Annotations

Branches:
Dungeon (6/15)             Temple (1/1) D:4

Altars:
Ashenzari
Cheibriados
Dithmenos
Elyvilon
Gozag
Hepliaklqana
Kikubaaqudgha
Nemelex Xobeh
Qazlal
Ru
Sif Muna
Vehumet
Wu Jian
Xom
Zin
The Shining One

Shops:
D:1 *

Annotations:
D:3 Grinder, Grinder


Message History

You closely miss something. Something hits you. Something shocks you.
You hit something but do no damage.
A sky beast appears from thin air!
Reactivating autopickup.
The sky beast closely misses you.
The sky beast hits you but does no damage.
You miss the sky beast.
The sky beast is severely wounded.
You block the sky beast's attack.
You barely miss the sky beast.
The sky beast is severely wounded.
The sky beast hits you but does no damage.
Unknown command.
You slash the sky beast!
You kill the sky beast!
Your Axes skill increases to level 10!
You start resting.
HP restored.
You swing at nothing.
An orc comes into view. It is wielding a +0 whip.
The orc shouts!
You hear a shout!
An orc comes into view.
It is wielding a +0 falchion and carrying a wand of acid (9).
The orc shouts!
You hear a shout!
You slash the orc!
You kill the orc!
You block the orc's attack.
The orc hits you from afar with a +1 trident of freezing.
The orc freezes you.
You see here a +0 whip.
You closely miss the orc. You block the orc's attack.
The orc hits you from afar with a +1 trident of freezing.
The orc freezes you.
You barely miss the orc.
The orc zaps a wand.
The bolt of acid hits you. The acid corrodes you!
You are splashed with acid!
You block the orc's attack.
The orc zaps a wand.
The bolt of acid hits you! The acid corrodes you!
You are splashed with acid!
* * * LOW HITPOINT WARNING * * *
The orc zaps a wand.
The bolt of acid hits you!
* * * LOW HITPOINT WARNING * * *
You are splashed with acid!
You die...

.......o..#............#
#...>
#######o..##############
#.... #...# #######....
#...# #.......... #...###
###### #.######... #.....#
#....# #.#........ #.###.#
#.##.# #.......... #.###.#
#.##.#####.#####'#
#...#o###@##.............#
###.#.o...########.#######
#.####### #........ ###.#
######### #...# #.###
#######.# #.......#
#.#######


You could see an orc.

Vanquished Creatures
  An ice beast (D:5)
  A sky beast (D:6)
  A black bear (D:6)
  An ogre (D:5)
  2 scorpions (D:5)
  7 hounds
  A jelly (D:5)
  2 orc priests
  3 iguanas
  4 orc wizards
  3 gnolls
  7 adders
  A white imp (D:5)
  3 ufetubi (D:5)
  2 worms
  18 orcs
  5 bats
  7 endoplasms
  6 giant cockroaches
  7 goblins
  7 hobgoblins
  9 jackals
  5 quokkas
  8 ball pythons
  A frilled lizard (D:2)
  6 kobolds
  5 rats
123 creatures vanquished.

Notes
Turn   | Place    | Note
-------+----------+-------------------------------------------
     0 | D:1      | EldarEldrad the Hill Orc Fighter began the quest for the
                  | Orb.
     0 | D:1      | Reached XP level 1. HP: 19/19 MP: 1/1
    55 | D:1      | Reached skill level 3 in Axes
   170 | D:1      | Reached XP level 2. HP: 26/26 MP: 2/2
   363 | D:1      | Found Tianlaxotz's Assorted Antiques.
   781 | D:1      | Reached XP level 3. HP: 31/31 MP: 3/3
   858 | D:1      | Bought a lumpy pink potion for 23 gold pieces
   858 | D:1      | Bought a fuming sapphire potion for 23 gold pieces
  1099 | D:2      | Reached skill level 4 in Axes
  1522 | D:2      | Reached XP level 4. HP: 26/39 MP: 4/4
  1946 | D:2      | Found a faded altar of an unknown god.
  2259 | D:3      | Reached skill level 5 in Axes
  2259 | D:3      | Reached XP level 5. HP: 40/45 MP: 5/5
  2334 | D:3      | Found a shimmering blue altar of Sif Muna.
  2336 | D:3      | Found a hazy altar of Hepliaklqana.
  2568 | D:3      | Noticed Grinder
  2601 | D:4      | Reached skill level 6 in Axes
  2601 | D:4      | Reached XP level 6. HP: 28/51 MP: 6/6
  2745 | D:4      | Found a staircase to the Ecumenical Temple.
  2771 | Temple   | Entered the Ecumenical Temple
  2950 | Temple   | Became a worshipper of Zin the Law-Giver
  2950 | Temple   | Reached * piety under Zin
  3212 | D:4      | Donated 91 gold pieces to Zin
  3503 | D:4      | Found a sacrificial altar of Ru.
  3818 | D:5      | Entered Level 5 of the Dungeon
  4130 | D:5      | Reached ** piety under Zin
  4140 | D:5      | Reached skill level 5 in Armour
  4208 | D:5      | Reached skill level 5 in Shields
  4251 | D:5      | Reached skill level 7 in Axes
  4251 | D:5      | Reached XP level 7. HP: 54/57 MP: 7/7
  4501 | D:5      | Identified the +0 cloak of Zecke {+Blink MP-9 Stlth+}
  4964 | D:5      | Found a sparkling altar of Nemelex Xobeh.
  4976 | D:5      | Reached skill level 8 in Axes
  5242 | D:5      | Reached XP level 8. HP: 62/64 MP: 0/8
  5265 | D:5      | Reached skill level 9 in Axes
  5872 | D:6      | Reached skill level 10 in Axes
  6119 | D:6      | Splashed by an orc's acid

Illustrated notes

Levels and vault maps discovered:
D:1:      saegor_arrival_simple_a, layout_loops_ring, serial_shops, shop,
          minmay_pentomino_o4
D:2:      layout_rooms, ebering_ecumenical_altar_hall
D:3:      layout_rooms, jmf_multi_god_temple, uniq_grinder
D:4:      layout_rooms, nicolae_ru_awakened_eye,
          minmay_temple_entry_gardened_gates, grunt_ministairs_12
D:5:      layout_gridville, nemelex_dance_club_becter,
          chequers_serial_rivers_micro_c
D:6:      layout_basic, lemuel_crystal_altar, uniq_sigmund
Temple:   minmay_temple_forest_path

Skill      XL: |  1  2  3  4  5  6  7  8 |
---------------+-------------------------+-----
Axes           | 3 4 5 6 7 8 10 | 10.1
Armour         | 4 5 6 |  6.7
Shields        | 4 5 |  5.0
Fighting       | |  3.6

Action                   |  1- 3 |  4- 6 |  7- 9 || total
-------------------------+-------+-------+-------++-------
Melee: War axe           |    78 |   205 |   154 ||   437
Invok: Donate Gold       |       |     1 |       ||     1
       Recite            |       |       |     1 ||     1
       Vitalisation      |       |       |     1 ||     1
  Use: Scroll            |       |     4 |     2 ||     6
Armor: Scale mail        |    26 |    95 |   101 ||   222
Dodge: Dodged            |    24 |    63 |    57 ||   144
Block: Kite shield       |    32 |   117 |    77 ||   226

Table legend: (Time is in decaauts)
 A = Elapsed time spent in this place.
 B = Non-inter-level travel time spent in this place.
 C = Inter-level travel time spent in this place.
 D = Time resting spent in this place.
 E = Time spent auto-exploring this place.
 F = Levels seen in this place.
 G = Mean time per level.
                   A        B        C        D        E       F      G
               +--------+--------+--------+--------+--------+-----+--------+
         Total |   6295 |   6065 |    230 |   1547 |   3125 |   7 |  899.3 |
       Dungeon |   5855 |   5649 |    206 |   1547 |   2719 |   6 |  975.8 |
        Temple |    439 |    415 |     24 |      0 |    406 |   1 |  439.0 |
               +--------+--------+--------+--------+--------+-----+--------+

Top non-repeatable levels by time:
     D:5: 1678 daAuts
     D:1: 1294 daAuts
     D:4: 832 daAuts
     D:2: 819 daAuts
     D:6: 679 daAuts
     D:3: 551 daAuts
  Temple: 439 daAuts
